Map: Abyssal Reef LE

Players

Harstem

  • Race: Protoss Protoss
  • Spawn Location: 5:00

Probe - Winner!

  • Race: Protoss Protoss
  • Spawn Location: 11:00

Event: WCS Valencia 2017

VOD

Have the link to the VOD?

Description

Time

  • Played on: July 13, 2017, 1:12 p.m.
  • Length: 6:44

All games in this series

Show
View Real Time Build Order
Export as new Build Order

Harstem Protoss 

Build Orders: Oracle Opening 

Get SALT Encoding   

  12  0:00  Probe (Chrono Boost)  
  13  0:11  Probe (Chrono Boost)  
  14  0:17  Pylon  
  14  0:22  Probe (Chrono Boost)  
  15  0:35  Probe (Chrono Boost)  
  16  0:38  Gateway  
  16  0:46  Probe (Chrono Boost)  
  16  0:48  Assimilator  
  17  0:52  Assimilator  
  17  0:56  Probe (Chrono Boost)  
  18  1:07  Probe (Chrono Boost)  
  19  1:11  Gateway  
  19  1:17  Probe (Chrono Boost)  
  20  1:25  Cybernetics Core  
  20  1:28  Probe (Chrono Boost)  
  21  1:38  Probe (Chrono Boost)  
  22  1:42  Pylon  
  22  1:49  Probe (Chrono Boost)  
  23  2:02  Stalker, Warp Gate (Chrono Boost)  
  27  2:12  Stalker  
  29  2:18  Pylon  
  29  2:20  Stargate  
  27  2:33  Stalker  
  29  2:42  Stalker  
  30  3:03  Oracle (Chrono Boost)  
  33  3:16  Nexus  
  33  3:21  Probe  
  33  3:25  Pylon  
  34  3:33  Mothership Core (Chrono Boost)  
  36  3:45  Robotics Facility  
  36  3:52  Probe (Chrono Boost)  
  37  4:03  Probe (Chrono Boost)  
  38  4:10  Sentry  
  38  4:11  Zealot  
  42  4:19  Probe (Chrono Boost)  
  43  4:28  Pylon, Probe (Chrono Boost)  
  43  4:30  Probe (Chrono Boost)  
  45  4:37  Probe (Chrono Boost)  
  45  4:40  Probe (Chrono Boost)  
  45  4:41  Observer (Chrono Boost)  
  48  4:47  Probe  
  48  4:52  Probe  
  50  4:56  Nexus  
  50  4:58  Probe (Chrono Boost)  
  51  5:04  Probe (Chrono Boost)  
  52  5:09  Probe (Chrono Boost)  
  52  5:12  Immortal (Chrono Boost)  
  57  5:16  Probe  
  57  5:19  Probe  
  59  5:22  Sentry  
  59  5:28  Probe  
  62  5:29  Probe, Twilight Council  
  62  5:33  Pylon  
  63  5:40  Probe  
  63  5:42  Probe  
  65  5:51  Pylon, Immortal (Chrono Boost)  
  65  5:53  Assimilator  
  65  5:55  Sentry  
  65  5:56  Probe  
  72  5:58  Probe, Assimilator  
  72  6:02  Pylon  
  72  6:03  Gateway  
  73  6:04  Gateway  
  73  6:08  Probe x2  
  75  6:18  Pylon  
  75  6:19  Pylon  
  75  6:20  Probe x2  
  78  6:32  Probe  
  78  6:34  Adept x2  
  83  6:44  Pylon  
Show
View Real Time Build Order
Export as new Build Order

Probe Protoss - Winner!

Build Orders: Blink Stalkers 

Get SALT Encoding   

  12  0:00  Probe (Chrono Boost)  
  13  0:11  Probe (Chrono Boost)  
  14  0:18  Pylon  
  14  0:22  Probe (Chrono Boost)  
  15  0:36  Probe (Chrono Boost)  
  15  0:37  Gateway  
  16  0:45  Assimilator  
  16  0:47  Probe (Chrono Boost)  
  17  0:53  Assimilator  
  17  0:57  Probe (Chrono Boost)  
  18  1:04  Gateway  
  18  1:08  Probe (Chrono Boost)  
  20  1:18  Probe (Chrono Boost)  
  20  1:24  Cybernetics Core  
  20  1:29  Probe (Chrono Boost)  
  21  1:34  Pylon  
  21  1:39  Probe (Chrono Boost)  
  22  1:50  Probe (Chrono Boost)  
  23  2:00  Probe (Chrono Boost), Stalker x2  
  28  2:03  Warp Gate (Chrono Boost)  
  28  2:12  Mothership Core  
  30  2:17  Pylon  
  30  2:33  Probe  
  30  2:36  Stalker x2  
  35  2:45  Probe  
  35  3:05  Nexus  
  35  3:11  Pylon  
  35  3:14  Probe  
  36  3:27  Probe, Twilight Council  
  37  3:39  Probe (Chrono Boost)  
  38  3:50  Probe (Chrono Boost)  
  38  3:51  Sentry x2  
  43  3:59  Pylon, Blink (Chrono Boost)  
  43  4:01  Probe (Chrono Boost)  
  44  4:12  Probe  
  44  4:16  Robotics Facility  
  45  4:17  Probe  
  46  4:24  Probe  
  46  4:27  Probe  
  48  4:36  Probe  
  48  4:38  Probe  
  48  4:42  Sentry  
  51  4:48  Probe x2  
  52  5:00  Probe, Gateway  
  52  5:01  Gateway  
  52  5:05  Gateway  
  52  5:06  Gateway  
  53  5:09  Warp Prism (Chrono Boost)  
  53  5:11  Probe  
  56  5:14  Assimilator  
  56  5:21  Probe  
  56  5:24  Stalker x2  
  61  5:32  Pylon  
  61  5:35  Probe x2  
  63  5:41  Observer (Chrono Boost)  
  64  5:49  Pylon x2  
  64  5:50  Pylon  
  64  6:03  Stalker x3  
  64  6:04  Stalker  
  72  6:06  Stalker  
  72  6:08  Sentry  
  76  6:34  Stalker x6  
Tags
 
Add a new tag
Caveats
  • Supply blocks, unpowered buildings, or Contaminate may cause inaccurate times.
  • Supply counts are checked every 10 seconds.